TOP OF THE 1ST |
Durham Bulls batting - Pitching for Fresno Grizzlies : LHP Chad Dominey
|
Pitching: LHP Chad Dominey
|
|
Batting: RHB Jesse Basich
|
0-0: Called Strike 0-1: Ball 1-1: Foul Ball, location: 2F 1-2: Ball 2-2: Strikes out swinging
|
Batting: RHB Danny Diaz
|
0-0: Called Strike 0-1: Ground out U3 (Groundball, 34S, EV 88.1 MPH)
|
Batting: LHB Austin Ohmer
|
0-0: Called Strike 0-1: Swinging Strike 0-2: Ball 1-2: Strikes out looking
|
Top of the 1st over - 0 runs, 0 hits, 0 errors, 0 left on base; Durham 0 - Fresno 0 |
BOTTOM OF THE 1ST |
Fresno Grizzlies batting - Pitching for Durham Bulls : RHP Jim Averette
|
Pitching: RHP Jim Averette
|
|
Batting: RHB Chang-wei Jiang
|
0-0: Ball 1-0: Ball 2-0: Foul Ball, location: 2F 2-1: Ball 3-1: SINGLE (Groundball, 56S, EV 68.8 MPH) (infield hit)
|
Batting: LHB Mike Davis
|
0-0: Ball 1-0: Swinging Strike 1-1: Ball Chang-wei Jiang steals 2nd base (no throw) 2-1: Fly out, F8 (Flyball, 78M, EV 91.3 MPH) Runner from 2nd tags up, OUT at 3rd! 8-5
|
Batting: RHB Trevor Mock
|
0-0: Called Strike 0-1: Ground out 6-3 (Groundball, 6, EV 102.5 MPH)
|
Bottom of the 1st over - 0 runs, 1 hit, 0 errors, 0 left on base; Durham 0 - Fresno 0 |
TOP OF THE 2ND |
Durham Bulls batting - Pitching for Fresno Grizzlies : LHP Chad Dominey
|
Batting: SHB Hans Mikkelsen
|
0-0: Called Strike 0-1: Ball 1-1: Ball 2-1: Ball 3-1: Foul Ball, location: 2F 3-2: Fly out, F6 (Flyball, 56D, EV 73.8 MPH)
|
Batting: RHB Eugênio Asceno
|
0-0: Ball 1-0: Called Strike 1-1: Foul Ball, location: 2F 1-2: Strikes out swinging
|
Batting: SHB Ben Pierce
|
0-0: Called Strike 0-1: Ball 1-1: Called Strike 1-2: Ball 2-2: Ground out 5-3 (Groundball, 56, EV 83.8 MPH)
|
Top of the 2nd over - 0 runs, 0 hits, 0 errors, 0 left on base; Durham 0 - Fresno 0 |
BOTTOM OF THE 2ND |
Fresno Grizzlies batting - Pitching for Durham Bulls : RHP Jim Averette
|
Batting: LHB Anthony Howie
|
0-0: Ball 1-0: Swinging Strike 1-1: Ball 2-1: Swinging Strike 2-2: Strikes out swinging
|
Batting: RHB Dave Glenn
|
0-0: Swinging Strike 0-1: Ball 1-1: SINGLE (Groundball, 5D, EV 98.1 MPH)
|
Batting: LHB Chris Redding
|
0-0: Swinging Strike 0-1: Ball 1-1: Foul Ball, location: 2F 1-2: Foul Ball, location: 2F 1-2: Strikes out swinging
|
Batting: LHB Alex Alicea
|
0-0: Ball 1-0: Fly out, F4 (Flyball, 34D, EV 94.4 MPH)
|
Bottom of the 2nd over - 0 runs, 1 hit, 0 errors, 1 left on base; Durham 0 - Fresno 0 |
TOP OF THE 3RD |
Durham Bulls batting - Pitching for Fresno Grizzlies : LHP Chad Dominey
|
Batting: LHB Robin More
|
0-0: Ball 1-0: Ball 2-0: Called Strike 2-1: Ground out 4-3 (Groundball, 4S, EV 66.9 MPH)
|
Batting: SHB Jose Vargas
|
0-0: Swinging Strike 0-1: Fly out, F7 (Flyball, 7LM, EV 96.9 MPH)
|
Batting: LHB Angel Ruvalcaba
|
0-0: Ball 1-0: Swinging Strike 1-1: Ground out 1-3 (Groundball, 34S, EV 73.1 MPH)
|
Top of the 3rd over - 0 runs, 0 hits, 0 errors, 0 left on base; Durham 0 - Fresno 0 |
BOTTOM OF THE 3RD |
Fresno Grizzlies batting - Pitching for Durham Bulls : RHP Jim Averette
|
Batting: RHB Joe Berkhahn
|
0-0: Ball 1-0: Foul Ball, location: 2F 1-1: Ground out 2-3 (Groundball, 13S, EV 66.3 MPH)
|
Batting: RHB Tom Carico
|
0-0: Ball 1-0: Called Strike 1-1: Ball 2-1: Called Strike 2-2: Reached on error, E4 (Groundball, 4, EV 82.5 MPH)
|
Batting: RHB Chang-wei Jiang
|
0-0: Ball 1-0: Grounds into double play, 6-4-3 (Groundball, 6M, EV 91.9 MPH)
|
Bottom of the 3rd over - 0 runs, 0 hits, 1 error, 0 left on base; Durham 0 - Fresno 0 |
TOP OF THE 4TH |
Durham Bulls batting - Pitching for Fresno Grizzlies : LHP Chad Dominey
|
Batting: RHB Jesse Basich
|
0-0: Foul Ball, location: 2F 0-1: Called Strike 0-2: Ball 1-2: Ball 2-2: SINGLE (Groundball, 4S, EV 68.8 MPH) (infield hit)
|
Batting: RHB Danny Diaz
|
0-0: Ground out U3 (Groundball, 3S, EV 85.0 MPH) Jesse Basich to second
|
Batting: LHB Austin Ohmer
|
0-0: Reached on error, E4 (Groundball, 4MS, EV 88.1 MPH) Jesse Basich to third
|
Batting: SHB Hans Mikkelsen
|
0-0: Ball 1-0: Fielders Choice at 2nd, 6-4 (Groundball, 6, EV 87.5 MPH) Jesse Basich scores
|
Batting: RHB Eugênio Asceno
|
0-0: Ball 1-0: Called Strike 1-1: Fly out, F9 (Flyball, 9S, EV 86.3 MPH)
|
Top of the 4th over - 1 run, 1 hit, 1 error, 1 left on base; Durham 1 - Fresno 0 |
BOTTOM OF THE 4TH |
Fresno Grizzlies batting - Pitching for Durham Bulls : RHP Jim Averette
|
Batting: LHB Mike Davis
|
0-0: Ground out 4-3 (Groundball, 4, EV 90.6 MPH)
|
Batting: RHB Trevor Mock
|
0-0: Called Strike 0-1: Foul Ball, location: 2F 0-2: Ball 1-2: Ball 2-2: Strikes out swinging
|
Batting: LHB Anthony Howie
|
0-0: Reached on error, E6 (Flyball, 6MD, EV 95.6 MPH)
|
Batting: RHB Dave Glenn
|
0-0: Ball 1-0: Swinging Strike 1-1: Ball 2-1: Ball 3-1: Ground out 5-3 (Groundball, 56S, EV 63.8 MPH)
|
Bottom of the 4th over - 0 runs, 0 hits, 1 error, 1 left on base; Durham 1 - Fresno 0 |
TOP OF THE 5TH |
Durham Bulls batting - Pitching for Fresno Grizzlies : LHP Chad Dominey
|
Batting: SHB Ben Pierce
|
0-0: Ball 1-0: Swinging Strike 1-1: Called Strike 1-2: Ball 2-2: Foul Ball, location: 2F 2-2: Ball 3-2: Foul Ball, location: 2F 3-2: SINGLE (Groundball, 4D, EV 93.8 MPH)
|
Batting: LHB Robin More
|
0-0: Ball 1-0: Ball 2-0: Ball 3-0: Called Strike 3-1: SINGLE (Groundball, 34, EV 96.9 MPH) Ben Pierce to second Throwing error, E9 Ben Pierce scores Robin More to second
|
Batting: SHB Jose Vargas
|
0-0: Ball 1-0: Ground out 3-1 (Groundball, 13, EV 81.3 MPH) Robin More to third
|
Batting: LHB Angel Ruvalcaba
|
0-0: Ball 1-0: SINGLE (Line Drive, 8RS, EV 93.8 MPH) Robin More scores
|
Batting: RHB Jesse Basich
|
0-0: Ball 1-0: Swinging Strike 1-1: Ball Angel Ruvalcaba is caught stealing 2nd base 2-4 2-1: Foul Ball, location: 2F 2-2: Ball 3-2: Strikes out swinging
|
Top of the 5th over - 2 runs, 3 hits, 1 error, 0 left on base; Durham 3 - Fresno 0 |
BOTTOM OF THE 5TH |
Fresno Grizzlies batting - Pitching for Durham Bulls : RHP Jim Averette
|
Batting: LHB Chris Redding
|
0-0: Ball 1-0: SOLO HOME RUN (Flyball, 89XD, EV 103.8 MPH), Distance : 384 ft
|
Batting: LHB Alex Alicea
|
0-0: Called Strike 0-1: SOLO HOME RUN (Flyball, 9LD, EV 95.0 MPH), Distance : 347 ft
|
Batting: RHB Joe Berkhahn
|
0-0: Swinging Strike 0-1: Ball 1-1: Ball 2-1: Ball 3-1: Fly out, F7 (Flyball, 7, EV 94.4 MPH)
|
Batting: RHB Tom Carico
|
0-0: Ball 1-0: Called Strike 1-1: Called Strike 1-2: Reaches on Catchers interference
|
Batting: RHB Chang-wei Jiang
|
0-0: DOUBLE (Flyball, 78XD, EV 108.8 MPH) Tom Carico to third
|
Batting: LHB Mike Davis
|
0-0: Called Strike 0-1: Swinging Strike 0-2: Ball 1-2: Fly out, F7 (Line Drive, 7S, EV 103.1 MPH)
|
Batting: RHB Trevor Mock
|
0-0: Ball 1-0: Fly out, F5 (Line Drive, 5, EV 71.3 MPH)
|
Bottom of the 5th over - 2 runs, 3 hits, 1 error, 2 left on base; Durham 3 - Fresno 2 |
TOP OF THE 6TH |
Durham Bulls batting - Pitching for Fresno Grizzlies : LHP Chad Dominey
|
Batting: RHB Danny Diaz
|
0-0: Swinging Strike 0-1: Foul Ball, location: 2F 0-2: Fly out, F9 (Flyball, 9D, EV 95.0 MPH)
|
Batting: LHB Austin Ohmer
|
0-0: Ball 1-0: Ball 2-0: Ball 3-0: Called Strike 3-1: Base on Balls
|
Batting: SHB Hans Mikkelsen
|
0-0: Ball 1-0: Ball 2-0: Called Strike 2-1: Foul Ball, location: 2F 2-2: Ground out U3 (Groundball, 13, EV 87.5 MPH) Austin Ohmer to second
|
Batting: RHB Eugênio Asceno
|
0-0: Ball 1-0: Foul Ball, location: 2F 1-1: Fly out, F7 (Line Drive, 7, EV 97.5 MPH)
|
Top of the 6th over - 0 runs, 0 hits, 0 errors, 1 left on base; Durham 3 - Fresno 2 |
BOTTOM OF THE 6TH |
Fresno Grizzlies batting - Pitching for Durham Bulls : RHP Jim Averette
|
Batting: LHB Anthony Howie
|
0-0: Called Strike 0-1: Called Strike 0-2: Ball 1-2: Strikes out swinging
|
Batting: RHB Dave Glenn
|
0-0: Ball 1-0: Fly out, F6 (Line Drive, 6, EV 69.4 MPH)
|
Batting: LHB Chris Redding
|
0-0: Called Strike 0-1: Ball 1-1: SINGLE (Groundball, 56D, EV 103.8 MPH)
|
Batting: LHB Alex Alicea
|
0-0: Called Strike 0-1: Called Strike 0-2: Ball 1-2: Foul Ball, location: 2F 1-2: Strikes out swinging
|
Bottom of the 6th over - 0 runs, 1 hit, 0 errors, 1 left on base; Durham 3 - Fresno 2 |
TOP OF THE 7TH |
Durham Bulls batting - Pitching for Fresno Grizzlies : LHP Chad Dominey
|
Batting: SHB Ben Pierce
|
0-0: Ball 1-0: Called Strike 1-1: Ball 2-1: Ball 3-1: Called Strike 3-2: Foul Ball, location: 2F 3-2: Foul Ball, location: 2F 3-2: Base on Balls
|
Batting: LHB Robin More
|
0-0: Called Strike 0-1: Called Strike 0-2: Ball 1-2: Foul Ball, location: 2F 1-2: Ball 2-2: Foul Ball, location: 2F 2-2: Strikes out swinging
|
Pitching: RHP Willie Jimenez
|
|
Batting: SHB Jose Vargas
|
0-0: Swinging Strike 0-1: Called Strike 0-2: 2-RUN HOME RUN (Flyball, 78XD, EV 108.8 MPH), Distance : 438 ft
|
Batting: LHB Angel Ruvalcaba
|
0-0: Ball 1-0: Ball 2-0: Called Strike 2-1: Swinging Strike 2-2: Foul Ball, location: 2F 2-2: Strikes out looking
|
Batting: RHB Jesse Basich
|
0-0: Ball 1-0: Ball 2-0: Fly out, F8 (Flyball, 89D, EV 84.4 MPH)
|
Top of the 7th over - 2 runs, 1 hit, 0 errors, 0 left on base; Durham 5 - Fresno 2 |
BOTTOM OF THE 7TH |
Fresno Grizzlies batting - Pitching for Durham Bulls : RHP Jim Averette
|
Batting: RHB Joe Berkhahn
|
0-0: Ball 1-0: Foul Ball, location: 2F 1-1: Ball 2-1: Ball 3-1: Called Strike 3-2: DOUBLE (Flyball, 8LXD, EV 106.9 MPH)
|
Batting: RHB Tom Carico
|
0-0: Called Strike 0-1: Ball 1-1: Ball 2-1: Ball 3-1: Ground out 5-3 (Groundball, 56, EV 86.3 MPH)
|
Batting: RHB Chang-wei Jiang
|
0-0: SINGLE (Groundball, 56S, EV 61.9 MPH) (infield hit) Joe Berkhahn to third
|
Batting: LHB Mike Davis
|
0-0: Ball 1-0: Called Strike Chang-wei Jiang steals 2nd base (no throw) 1-1: Ground out 3-1 (Groundball, 34S, EV 87.5 MPH) Joe Berkhahn scores Chang-wei Jiang to third
|
Batting: RHB Trevor Mock
|
0-0: Fly out, F7 (Flyball, 78M, EV 95.6 MPH)
|
Bottom of the 7th over - 1 run, 2 hits, 0 errors, 1 left on base; Durham 5 - Fresno 3 |
TOP OF THE 8TH |
Durham Bulls batting - Pitching for Fresno Grizzlies : RHP Willie Jimenez
|
Batting: RHB Danny Diaz
|
0-0: Ground out 4-3 (Groundball, 4, EV 82.5 MPH)
|
Batting: LHB Austin Ohmer
|
0-0: Ball 1-0: Swinging Strike 1-1: Called Strike 1-2: Foul Ball, location: 2F 1-2: Foul Ball, location: 2F 1-2: Ball 2-2: Foul Ball, location: 2F 2-2: Foul Ball, location: 2F 2-2: Ball 3-2: Ground out 6-3 (Groundball, 6M, EV 88.1 MPH)
|
Batting: SHB Hans Mikkelsen
|
0-0: Called Strike 0-1: Fly out, F8 (Line Drive, 8LM, EV 90.6 MPH)
|
Top of the 8th over - 0 runs, 0 hits, 0 errors, 0 left on base; Durham 5 - Fresno 3 |
BOTTOM OF THE 8TH |
Fresno Grizzlies batting - Pitching for Durham Bulls : RHP Jim Averette
|
Pitching: RHP Luis Cubero
|
|
Batting: LHB Anthony Howie
|
0-0: Called Strike 0-1: Foul Ball, location: 2F 0-2: Ball 1-2: Foul Ball, location: 2F 1-2: Strikes out looking
|
Batting: RHB Dave Glenn
|
0-0: SOLO HOME RUN (Flyball, 9LD, EV 97.5 MPH), Distance : 354 ft
|
Batting: LHB Chris Redding
|
0-0: Called Strike 0-1: Swinging Strike 0-2: Ball 1-2: Foul Ball, location: 2F 1-2: Strikes out swinging
|
Batting: LHB Alex Alicea
|
0-0: Called Strike 0-1: Ball 1-1: Ball 2-1: Ball 3-1: Swinging Strike 3-2: Strikes out swinging
|
Bottom of the 8th over - 1 run, 1 hit, 0 errors, 0 left on base; Durham 5 - Fresno 4 |
TOP OF THE 9TH |
Durham Bulls batting - Pitching for Fresno Grizzlies : RHP Willie Jimenez
|
Pitching: RHP Jose Guajardo
|
|
Batting: RHB Eugênio Asceno
|
0-0: Ball 1-0: Ball 2-0: Called Strike 2-1: Called Strike 2-2: Ball 3-2: Foul Ball, location: 2F 3-2: Foul Ball, location: 2F 3-2: Base on Balls
|
Batting: SHB Ben Pierce
|
0-0: Sac Bunt to P - play at first, batter OUT! 1-4 Eugênio Asceno to second
|
Batting: LHB Robin More
|
0-0: Called Strike 0-1: Ball 1-1: Ball 2-1: Ball 3-1: Base on Balls
|
Batting: SHB Jose Vargas
|
0-0: Ball 1-0: Called Strike 1-1: Ball 2-1: Grounds into double play, 5-4-3 (Groundball, 56, EV 77.5 MPH)
|
Top of the 9th over - 0 runs, 0 hits, 0 errors, 1 left on base; Durham 5 - Fresno 4 |
BOTTOM OF THE 9TH |
Fresno Grizzlies batting - Pitching for Durham Bulls : RHP Luis Cubero
|
Pitching: RHP Justin Stone
|
|
Now at 1B: Jesse Basich
|
|
Now at 2B: Jose Vargas
|
|
Now at SS: Danny Hull
|
|
Batting: RHB Joe Berkhahn
|
0-0: Ball 1-0: Ball 2-0: Called Strike 2-1: Foul Ball, location: 2F 2-2: Ball 3-2: Foul Ball, location: 2F 3-2: Foul Ball, location: 2F 3-2: Foul Ball, location: 2F 3-2: Base on Balls
|
Batting: RHB Tom Carico
|
0-0: Ball 1-0: Foul Ball, location: 2F 1-1: Ball 2-1: Ball 3-1: DOUBLE (Flyball, 89XD, EV 96.9 MPH) Joe Berkhahn to third
|
Batting: RHB Chang-wei Jiang
|
0-0: Ball 1-0: Ball 2-0: Foul Ball, location: 2F 2-1: Called Strike 2-2: Foul Ball, location: 2F 2-2: Ball 3-2: Base on Balls
|
Batting: LHB Mike Davis
|
0-0: Grounds into double play, 6-2-3 (Groundball, 6, EV 81.9 MPH) Tom Carico to third Chang-wei Jiang to second
|
Batting: RHB Trevor Mock
|
0-0: Ball 1-0: SINGLE (Groundball, 4D, EV 95.6 MPH) Tom Carico scores Chang-wei Jiang to third Runner from 3rd tries for Home, SAFE, throw by CF to home
|
Bottom of the 9th over - 2 runs, 2 hits, 0 errors, 0 left on base; Durham 5 - Fresno 6 |
|
Game Over ... Fresno defeats Durham, 6 to 5
|
|
|